HS
CATHEDRAL HS DEVIL DOGS @ NORTHWESTERN HS TITANS
04/06/2060
 
TOP OF THE 1ST
Cathedral HS Devil Dogs batting - Pitching for Northwestern HS Titans : LHP Zack Marsh
Pitching: LHP Zack Marsh
Batting: SHB Trent Hogan 0-0: SINGLE (Groundball, 34, EV 102.5 MPH)
Batting: RHB Brinson Reyes 0-0: Called Strike
0-1: Ball
1-1: DOUBLE (Flyball, 8LXD, EV 109.4 MPH)
Trent Hogan to third
Batting: RHB Eddie Henderlight 0-0: Ground out 4-3 (Groundball, 4S, EV 90.6 MPH)
Trent Hogan scores
Brinson Reyes to third
Batting: LHB Louis Shiring 0-0: Called Strike
0-1: Fly out, F8 (Flyball, 8LS, EV 87.5 MPH)
Batting: RHB Kahlil Cruz 0-0: Foul Ball, location: 2F
0-1: Ball
1-1: Fly out, F8 (Flyball, 8RM, EV 92.5 MPH)
Top of the 1st over - 1 run, 2 hits, 0 errors, 1 left on base; Cathedral HS 1 - Northwestern HS 0
BOTTOM OF THE 1ST
Northwestern HS Titans batting - Pitching for Cathedral HS Devil Dogs : RHP Ray Campbell
Pitching: RHP Ray Campbell
Batting: RHB Stan Chartrand 0-0: Ball
1-0: Called Strike
1-1: Ball
2-1: Swinging Strike
2-2: Foul Ball, location: 2F
2-2: Ball
3-2: Ground out 5-3 (Groundball, 56S, EV 61.9 MPH)
Batting: RHB Parker Clancy 0-0: Called Strike
0-1: Ball
1-1: Called Strike
1-2: Ball
2-2: Fly out, F9 (Line Drive, 89M, EV 88.8 MPH)
Batting: RHB Kaleb Gilchrist 0-0: Ball
1-0: Called Strike
1-1: Ball
2-1: Swinging Strike
2-2: Ball
3-2: Strikes out looking
Bottom of the 1st over - 0 runs, 0 hits, 0 errors, 0 left on base; Cathedral HS 1 - Northwestern HS 0
TOP OF THE 2ND
Cathedral HS Devil Dogs batting - Pitching for Northwestern HS Titans : LHP Zack Marsh
Batting: LHB Jaren Silva 0-0: Ball
1-0: Ball
2-0: Foul Ball, location: 2F
2-1: Called Strike
2-2: Ball
3-2: Strikes out swinging
Batting: RHB Cole Carmichael 0-0: Ball
1-0: Ball
2-0: Foul Ball, location: 2F
2-1: Ball
3-1: Base on Balls
Batting: RHB Chase Baesman 0-0: Ball
1-0: Ball
2-0: Ball
3-0: Called Strike
3-1: Swinging Strike
3-2: Foul Ball, location: 2F
3-2: SINGLE (Line Drive, 7LS, EV 89.4 MPH)
Cole Carmichael to second
Batting: RHB Nicholas Vanco 0-0: Ball
1-0: Foul Ball, location: 2F
1-1: Called Strike
1-2: Ball
2-2: Foul Ball, location: 2F
2-2: Foul Ball, location: 2F
2-2: Foul Ball, location: 2F
2-2: Foul Ball, location: 2F
2-2: Ball
3-2: Ground out 4-3 (Groundball, 34, EV 98.8 MPH)
Cole Carmichael to third
Chase Baesman to second
Batting: SHB Trent Hogan 0-0: Called Strike
0-1: Ball
1-1: Swinging Strike
1-2: Ball
2-2: Strikes out swinging
Top of the 2nd over - 0 runs, 1 hit, 0 errors, 2 left on base; Cathedral HS 1 - Northwestern HS 0
BOTTOM OF THE 2ND
Northwestern HS Titans batting - Pitching for Cathedral HS Devil Dogs : RHP Ray Campbell
Batting: LHB James Baker 0-0: Called Strike
0-1: Foul Ball, location: 2F
0-2: Ball
1-2: Fly out, F8 (Line Drive, 78M, EV 100.0 MPH)
Batting: LHB Gage Fullerton 0-0: Foul Ball, location: 2F
0-1: Ball
1-1: Fly out, F6 (Popup, P, EV 75.0 MPH)
Batting: RHB Caleb Bond 0-0: Called Strike
0-1: Ball
1-1: Ball
2-1: Ground out 4-3 (Groundball, 4MS, EV 71.9 MPH)
Bottom of the 2nd over - 0 runs, 0 hits, 0 errors, 0 left on base; Cathedral HS 1 - Northwestern HS 0
TOP OF THE 3RD
Cathedral HS Devil Dogs batting - Pitching for Northwestern HS Titans : LHP Zack Marsh
Batting: RHB Brinson Reyes 0-0: Ball
1-0: Ball
2-0: Ball
3-0: Base on Balls
Batting: RHB Eddie Henderlight 0-0: Called Strike
0-1: Ball
1-1: Fly out, F7 (Flyball, 7S, EV 93.8 MPH)
Batting: LHB Louis Shiring 0-0: Ball
1-0: Fly out, F4 (Popup, 4, EV 71.2 MPH)
Batting: RHB Kahlil Cruz 0-0: Foul Ball, location: 2F
0-1: Fly out, F7 (Flyball, 78S, EV 81.9 MPH)
Top of the 3rd over - 0 runs, 0 hits, 0 errors, 1 left on base; Cathedral HS 1 - Northwestern HS 0
BOTTOM OF THE 3RD
Northwestern HS Titans batting - Pitching for Cathedral HS Devil Dogs : RHP Ray Campbell
Batting: RHB Ernie Argueta 0-0: Ball
1-0: Fly out, F9 (Flyball, 89S, EV 73.8 MPH)
Batting: RHB Preston Stogsdill 0-0: Called Strike
0-1: Ball
1-1: Ball
2-1: Fly out, F5 (Flyball, 5D, EV 89.4 MPH)
Batting: RHB Eddie Wells 0-0: Called Strike
0-1: Swinging Strike
0-2: Fly out, F9 (Flyball, 9, EV 75.0 MPH)
Bottom of the 3rd over - 0 runs, 0 hits, 0 errors, 0 left on base; Cathedral HS 1 - Northwestern HS 0
TOP OF THE 4TH
Cathedral HS Devil Dogs batting - Pitching for Northwestern HS Titans : LHP Zack Marsh
Batting: LHB Jaren Silva 0-0: Ground out 4-3 (Groundball, 4D, EV 99.4 MPH)
Batting: RHB Cole Carmichael 0-0: Ball
1-0: Foul Ball, location: 2F
1-1: Ball
2-1: Ball
3-1: Fly out, F9 (Flyball, 89S, EV 85.0 MPH)
Batting: RHB Chase Baesman 0-0: Called Strike
0-1: Ball
1-1: Ball
2-1: Ground out 3-1 (Groundball, 34, EV 83.1 MPH)
Top of the 4th over - 0 runs, 0 hits, 0 errors, 0 left on base; Cathedral HS 1 - Northwestern HS 0
BOTTOM OF THE 4TH
Northwestern HS Titans batting - Pitching for Cathedral HS Devil Dogs : RHP Ray Campbell
Batting: RHB Stan Chartrand 0-0: Ball
1-0: Foul Ball, location: 2F
1-1: Ball
2-1: Foul Ball, location: 2F
2-2: Fly out, F8 (Flyball, 8LD, EV 101.9 MPH)
Batting: RHB Parker Clancy 0-0: Foul Ball, location: 2F
0-1: Swinging Strike
0-2: DOUBLE (Flyball, 78D, EV 106.2 MPH)
Batting: RHB Kaleb Gilchrist 0-0: Ball
1-0: Called Strike
1-1: Ball
2-1: Swinging Strike
2-2: Strikes out swinging
Batting: LHB James Baker 0-0: Ball
1-0: Swinging Strike
1-1: Ball
2-1: Ball
3-1: Base on Balls
Batting: LHB Gage Fullerton 0-0: Ball
1-0: Ball
2-0: Fielders Choice at 2nd, 6-4 (Groundball, 6, EV 80.6 MPH)
Bottom of the 4th over - 0 runs, 1 hit, 0 errors, 2 left on base; Cathedral HS 1 - Northwestern HS 0
TOP OF THE 5TH
Cathedral HS Devil Dogs batting - Pitching for Northwestern HS Titans : LHP Zack Marsh
Batting: RHB Nicholas Vanco 0-0: Fly out, F9 (Flyball, 9S, EV 86.9 MPH)
Batting: SHB Trent Hogan 0-0: Called Strike
0-1: Ball
1-1: Ball
2-1: Swinging Strike
2-2: Ball
3-2: SINGLE (Flyball, 34D, EV 96.9 MPH)
Batting: RHB Brinson Reyes 0-0: Called Strike
0-1: Swinging Strike
0-2: Strikes out swinging
Batting: RHB Eddie Henderlight 0-0: Foul Ball, location: 2F
0-1: Foul Ball, location: 2F
0-2: Foul Ball, location: 2F
0-2: Strikes out looking
Top of the 5th over - 0 runs, 1 hit, 0 errors, 1 left on base; Cathedral HS 1 - Northwestern HS 0
BOTTOM OF THE 5TH
Northwestern HS Titans batting - Pitching for Cathedral HS Devil Dogs : RHP Ray Campbell
Batting: RHB Caleb Bond 0-0: Called Strike
0-1: Ball
1-1: Called Strike
1-2: Ball
2-2: Ground out 6-3 (Groundball, 6M, EV 92.5 MPH)
Batting: RHB Ernie Argueta 0-0: Ball
1-0: SINGLE (Groundball, 6, EV 97.5 MPH)
Batting: RHB Preston Stogsdill 0-0: Called Strike
0-1: Called Strike
0-2: Strikes out swinging
Batting: RHB Eddie Wells 0-0: Called Strike
0-1: Ball
1-1: Fielders Choice at 2nd, 6-4 (Groundball, 56D, EV 79.4 MPH)
Bottom of the 5th over - 0 runs, 1 hit, 0 errors, 1 left on base; Cathedral HS 1 - Northwestern HS 0
TOP OF THE 6TH
Cathedral HS Devil Dogs batting - Pitching for Northwestern HS Titans : LHP Zack Marsh
Batting: LHB Louis Shiring 0-0: Foul Ball, location: 2F
0-1: Ball
1-1: Fly out, F8 (Flyball, 8RD, EV 103.8 MPH)
Pitching: RHP Dave Stockton
Batting: RHB Kahlil Cruz 0-0: Ball
1-0: Ball
2-0: Foul Ball, location: 2F
2-1: DOUBLE (Flyball, 89XD, EV 108.8 MPH)
Batting: LHB Jaren Silva 0-0: Ball
1-0: Ball
2-0: 2-RUN HOME RUN (Flyball, 9LD, EV 96.2 MPH), Distance : 345 ft
Batting: RHB Cole Carmichael 0-0: Called Strike
0-1: Ball
1-1: Ball
2-1: Foul Ball, location: 2F
2-2: Ball
3-2: Foul Ball, location: 2F
3-2: Fly out, F7 (Flyball, 7D, EV 105.0 MPH)
Batting: RHB Chase Baesman 0-0: Foul Ball, location: 2F
0-1: Called Strike
0-2: SINGLE (Line Drive, 7S, EV 105.6 MPH)
Batting: RHB Nicholas Vanco 0-0: Ball
1-0: Foul Ball, location: 2F
1-1: Ball
2-1: Swinging Strike
2-2: Ball
3-2: Base on Balls
Chase Baesman to second
Batting: SHB Trent Hogan 0-0: Ball
Passed Ball!
Chase Baesman to third
Nicholas Vanco to second
1-0: Ball
2-0: Called Strike
2-1: Fly out, F8 (Line Drive, 8LM, EV 96.9 MPH)
Top of the 6th over - 2 runs, 3 hits, 0 errors, 2 left on base; Cathedral HS 3 - Northwestern HS 0
BOTTOM OF THE 6TH
Northwestern HS Titans batting - Pitching for Cathedral HS Devil Dogs : RHP Ray Campbell
Batting: RHB Stan Chartrand 0-0: Called Strike
0-1: Ground out 6-3 (Groundball, 6S, EV 86.9 MPH)
Batting: RHB Parker Clancy 0-0: Ball
1-0: Swinging Strike
1-1: Ball
2-1: Called Strike
2-2: Foul Ball, location: 2F
2-2: Fly out, F9 (Line Drive, 8RM, EV 92.5 MPH)
Batting: RHB Kaleb Gilchrist 0-0: Called Strike
0-1: Ball
1-1: Foul Ball, location: 2F
1-2: Ball
2-2: Ball
3-2: Strikes out swinging, 2-3 out at first.
Bottom of the 6th over - 0 runs, 0 hits, 0 errors, 0 left on base; Cathedral HS 3 - Northwestern HS 0
TOP OF THE 7TH
Cathedral HS Devil Dogs batting - Pitching for Northwestern HS Titans : RHP Dave Stockton
Batting: RHB Brinson Reyes 0-0: Ball
1-0: Ball
2-0: Called Strike
2-1: Ball
3-1: Foul Ball, location: 2F
3-2: Foul Ball, location: 2F
3-2: Foul Ball, location: 2F
3-2: Ground out 6-3 (Groundball, 56, EV 107.5 MPH)
Batting: RHB Eddie Henderlight 0-0: Called Strike
0-1: Ball
1-1: Foul Ball, location: 2F
1-2: Ball
2-2: Strikes out swinging
Batting: LHB Louis Shiring 0-0: Foul Ball, location: 2F
0-1: Ball
1-1: Foul Ball, location: 2F
1-2: Strikes out swinging
Top of the 7th over - 0 runs, 0 hits, 0 errors, 0 left on base; Cathedral HS 3 - Northwestern HS 0
BOTTOM OF THE 7TH
Northwestern HS Titans batting - Pitching for Cathedral HS Devil Dogs : RHP Ray Campbell
Pitching: RHP Marcus Thompson
Batting: LHB James Baker 0-0: Ball
1-0: Foul Ball, location: 2F
1-1: Ball
2-1: Fly out, F7 (Flyball, 78M, EV 94.4 MPH)
Batting: LHB Gage Fullerton 0-0: Ball
1-0: Ball
2-0: Ball
3-0: Called Strike
3-1: Ground out 4-3 (Groundball, 4D, EV 96.9 MPH)
Batting: RHB Caleb Bond 0-0: Ball
1-0: Ground out 6-3 (Groundball, 6, EV 105.0 MPH)
Bottom of the 7th over - 0 runs, 0 hits, 0 errors, 0 left on base; Cathedral HS 3 - Northwestern HS 0
TOP OF THE 8TH
Cathedral HS Devil Dogs batting - Pitching for Northwestern HS Titans : RHP Dave Stockton
Batting: RHB Kahlil Cruz 0-0: Foul Ball, location: 2F
0-1: Foul Ball, location: 2F
0-2: Strikes out swinging
Batting: LHB Jaren Silva 0-0: Called Strike
0-1: Foul Ball, location: 2F
0-2: Ball
1-2: Foul Ball, location: 2F
1-2: Foul Ball, location: 2F
1-2: Ball
2-2: Strikes out swinging
Batting: RHB Cole Carmichael 0-0: Ball
1-0: Swinging Strike
1-1: Ball
2-1: Called Strike
2-2: Foul Ball, location: 2F
2-2: Ball
3-2: Base on Balls
Pitching: RHP Gavin Krieger
Batting: RHB Chase Baesman 0-0: Ball
1-0: Ball
2-0: Ball
3-0: Base on Balls
Cole Carmichael to second
Batting: RHB Nicholas Vanco 0-0: Ball
1-0: Ball
2-0: Ball
3-0: Base on Balls
Cole Carmichael to third
Chase Baesman to second
Batting: SHB Trent Hogan 0-0: Ball
1-0: Called Strike
1-1: Ball
2-1: Ball
3-1: Foul Ball, location: 2F
3-2: Ground out 6-3 (Groundball, 6, EV 88.1 MPH)
Top of the 8th over - 0 runs, 0 hits, 0 errors, 3 left on base; Cathedral HS 3 - Northwestern HS 0
BOTTOM OF THE 8TH
Northwestern HS Titans batting - Pitching for Cathedral HS Devil Dogs : RHP Marcus Thompson
Pinch Hitting: RHB Andy Charles 0-0: Ball
1-0: Ball
2-0: Fly out, F5 (Popup, 56, EV 67.5 MPH)
Batting: RHB Preston Stogsdill 0-0: Ball
1-0: Swinging Strike
1-1: Called Strike
1-2: Foul Ball, location: 2F
1-2: Strikes out swinging
Batting: RHB Eddie Wells 0-0: Ball
1-0: Foul Ball, location: 2F
1-1: Swinging Strike
1-2: Ball
2-2: Strikes out swinging
Bottom of the 8th over - 0 runs, 0 hits, 0 errors, 0 left on base; Cathedral HS 3 - Northwestern HS 0
TOP OF THE 9TH
Cathedral HS Devil Dogs batting - Pitching for Northwestern HS Titans : RHP Gavin Krieger
Now at 2B: Billy Peterson
Batting: RHB Brinson Reyes 0-0: Ball
1-0: Called Strike
1-1: Swinging Strike
1-2: Ball
2-2: Fly out, F4 (Popup, 4M, EV 58.8 MPH)
Batting: RHB Eddie Henderlight 0-0: Ball
1-0: Ball
2-0: SOLO HOME RUN (Flyball, 89XD, EV 96.2 MPH), Distance : 400 ft
Batting: LHB Louis Shiring 0-0: Ball
1-0: Fly out, F7 (Line Drive, 78M, EV 102.5 MPH)
Batting: RHB Kahlil Cruz 0-0: Ball
1-0: Fly out, F4 (Popup, 4M, EV 64.4 MPH)
Top of the 9th over - 1 run, 1 hit, 0 errors, 0 left on base; Cathedral HS 4 - Northwestern HS 0
BOTTOM OF THE 9TH
Northwestern HS Titans batting - Pitching for Cathedral HS Devil Dogs : RHP Marcus Thompson
Batting: RHB Stan Chartrand 0-0: Ball
1-0: Called Strike
1-1: Ball
2-1: Ball
3-1: Foul Ball, location: 2F
3-2: Foul Ball, location: 2F
3-2: DOUBLE (Line Drive, 78D, EV 103.8 MPH)
Batting: RHB Parker Clancy 0-0: Ball
1-0: Called Strike
1-1: Ball
2-1: Ground out 5-3 (Groundball, 56, EV 80.0 MPH)
Batting: RHB Kaleb Gilchrist 0-0: Foul Ball, location: 2F
0-1: Ball
1-1: Ball
2-1: Ground out 1-3 (Groundball, 13S, EV 72.5 MPH)
Stan Chartrand to third
Batting: LHB James Baker 0-0: Ball
1-0: Called Strike
1-1: Called Strike
1-2: Ball
2-2: Fly out, F8 (Line Drive, 8LM, EV 93.1 MPH)
Bottom of the 9th over - 0 runs, 1 hit, 0 errors, 1 left on base; Cathedral HS 4 - Northwestern HS 0
Thursday, April 25th , 2024 - OOTP Baseball 23.10 Build 110